Map: [ESL] Dragon Scales

Players

Creator - Winner!

  • Race: Protoss Protoss

Dark

  • Race: Zerg Zerg

Event: IEM Katowice 2023

VOD

Have the link to the VOD?

Description

Time

  • Played on: Feb. 11, 2023, 1:37 p.m.
  • Length: 13:40

All games in this series

Show
View Real Time Build Order
Export as new Build Order

Creator Protoss - Winner!

Build Orders: 1 Gate Expand, Oracle Opening, Zealot Archon 

Get SALT Encoding   

  12  0:00  Probe  
  13  0:14  Pylon  
  13  0:17  Probe (Chrono Boost)  
  14  0:27  Probe (Chrono Boost)  
  15  0:32  Probe (Chrono Boost)  
  16  0:39  Gateway  
  16  0:44  Probe  
  16  0:48  Assimilator  
  17  0:56  Probe  
  18  1:08  Probe  
  19  1:20  Probe  
  20  1:30  Cybernetics Core  
  20  1:34  Nexus  
  20  1:38  Probe  
  21  1:44  Pylon  
  21  1:48  Assimilator  
  21  1:51  Probe  
  22  2:04  Adept (Chrono Boost)  
  24  2:08  Probe  
  24  2:12  Gateway  
  25  2:20  Probe  
  26  2:24  Adept (Chrono Boost)  
  28  2:32  Probe  
  28  2:34  Stargate  
  29  2:43  Warp Gate  
  29  2:46  Adept  
  29  2:47  Probe (Chrono Boost)  
  29  2:48  Probe (Chrono Boost)  
  32  2:58  Probe (Chrono Boost)  
  32  3:00  Probe (Chrono Boost)  
  32  3:03  Probe (Chrono Boost)  
  33  3:07  Gateway  
  33  3:09  Probe  
  34  3:13  Probe  
  39  3:21  Probe  
  39  3:22  Void Ray (Chrono Boost)  
  39  3:25  Probe  
  41  3:29  Pylon  
  41  3:33  Probe  
  42  3:37  Probe  
  43  3:45  Probe  
  44  3:49  Oracle (Chrono Boost), Probe  
  44  3:51  Pylon  
  48  3:57  Probe  
  48  4:02  Probe  
  50  4:04  Assimilator  
  50  4:06  Assimilator  
  50  4:10  Probe  
  50  4:14  Probe  
  52  4:23  Nexus, Probe  
  53  4:26  Probe  
  53  4:28  Pylon  
  54  4:32  Adept  
  54  4:37  Probe  
  57  4:38  Probe  
  58  4:45  Robotics Facility  
  58  4:46  Oracle (Chrono Boost)  
  58  4:49  Twilight Council  
  58  4:50  Probe  
  58  4:51  Probe  
  63  5:04  Probe x2  
  63  5:05  Adept  
  67  5:08  Pylon  
  67  5:15  Gateway  
  67  5:16  Charge  
  67  5:17  Gateway, Probe x2  
  69  5:29  Probe x2  
  69  5:30  Shield Battery  
  69  5:33  Warp Prism (Chrono Boost)  
  71  5:38  Probe  
  71  5:41  Probe  
  75  5:45  Probe  
  75  5:47  Templar Archives  
  76  5:50  Probe  
  77  5:58  Zealot  
  77  6:00  Probe  
  77  6:02  Pylon  
  80  6:06  Gateway  
  80  6:07  Probe  
  80  6:08  Gateway  
  80  6:11  Gateway  
  81  6:12  Gateway  
  81  6:15  Probe x2  
  81  6:16  Pylon x2  
  81  6:18  Pylon  
  83  6:21  Probe  
  83  6:25  High Templar x3, Assimilator  
  86  6:26  High Templar  
  86  6:27  Assimilator  
  86  6:30  Archon  
  86  6:31  Archon  
  92  6:40  Probe x3  
  92  6:42  Forge  
  92  6:43  Observer  
  92  6:45  Robotics Bay  
  96  6:52  Probe x2  
  98  6:55  Probe  
  99  7:07  Zealot x5  
  99  7:08  Zealot x3  
  115  7:15  Void Ray  
  119  7:20  Probe x2  
  119  7:21  Probe  
  120  7:25  Protoss Ground Weapons Level 1  
  120  7:29  Stargate  
  118  7:32  Zealot x4  
  118  7:36  Pylon  
  124  7:37  Pylon  
  124  7:42  Protoss Air Weapons Level 1  
  124  7:51  Probe  
  124  7:52  Probe x2  
  124  7:53  Disruptor (Chrono Boost)  
  124  7:56  Pylon  
  124  7:58  Fleet Beacon, Zealot x3  
  136  8:00  Void Ray (Chrono Boost)  
  134  8:08  Photon Cannon  
  134  8:19  Void Ray (Chrono Boost), Disruptor (Chrono Boost)  
  138  8:20  Zealot  
  138  8:22  Photon Cannon, Nexus  
  143  8:27  Pylon  
  143  8:30  Pylon  
  143  8:34  Zealot x3  
  143  8:38  Shield Battery  
  143  8:40  Shield Battery  
  149  8:45  Pylon  
  149  8:47  Pylon, Disruptor  
  149  8:52  High Templar x2  
  149  8:53  High Templar x2, Zealot  
  136  9:03  Nexus  
  136  9:06  Archon x2, Nexus  
  136  9:07  Photon Cannon  
  136  9:13  Flux Vanes  
  136  9:15  Void Ray (Chrono Boost)  
  140  9:19  Stalker  
  140  9:20  Stalker x2  
  140  9:23  Observer  
  147  9:25  Shield Battery, Stalker  
  147  9:26  Stalker x2  
  147  9:28  Probe x3  
  156  9:46  Pylon  
  156  9:47  Carrier (Chrono Boost)  
  156  9:53  Photon Cannon  
  156  9:54  Zealot x2  
  156  9:55  Zealot x2  
  163  10:08  Void Ray  
  163  10:10  Zealot  
  163  10:16  Pylon  
  163  10:17  Zealot x3  
  163  10:18  Probe x3  
  163  10:19  Disruptor (Chrono Boost)  
  169  10:22  Probe  
  168  10:33  Probe x2  
  168  10:34  Photon Cannon  
  169  10:36  Shield Battery, High Templar x2  
  169  10:38  Zealot x3  
  179  10:44  Archon  
  179  10:46  Carrier (Chrono Boost)  
  179  10:47  Stalker  
  173  10:50  Photon Cannon  
  168  11:00  Photon Cannon  
  168  11:03  Assimilator  
  168  11:04  Assimilator  
  174  11:17  Pylon  
  174  11:21  Protoss Air Weapons Level 2 (Chrono Boost)  
  174  11:28  Immortal  
  174  11:31  High Templar x2, Zealot, Gateway  
  174  11:32  Gateway  
  184  11:35  Pylon  
  184  11:37  Archon  
  184  11:41  Carrier (Chrono Boost)  
  190  11:48  Carrier (Chrono Boost)  
  190  11:54  Zealot x3  
  191  11:55  Zealot  
  169  12:09  Pylon  
  169  12:10  Immortal  
  173  12:16  High Templar x2, Zealot x4  
  173  12:20  Pylon  
  173  12:21  Archon  
  185  12:36  Carrier (Chrono Boost)  
  185  12:38  High Templar x2  
  185  12:41  Stargate  
  195  12:44  Photon Cannon  
  195  12:47  Archon  
  194  13:06  Zealot x2  
  194  13:10  Zealot  
  192  13:22  High Templar x4  
  189  13:28  Archon x2  
  189  13:29  High Templar  
  190  13:34  High Templar  
Show
View Real Time Build Order
Export as new Build Order

Dark Zerg 

Build Orders: Pool First, Roach Hydra 

Get SALT Encoding   

  12  0:00  Drone  
  13  0:12  Overlord  
  13  0:16  Drone  
  14  0:30  Drone x2  
  16  0:41  Spawning Pool  
  15  0:45  Drone  
  15  0:49  Drone  
  17  0:59  Drone  
  18  1:10  Drone  
  19  1:14  Extractor  
  18  1:19  Hatchery  
  17  1:28  Zergling x4  
  17  1:31  Queen  
  21  1:41  Drone  
  22  1:50  Overlord  
  22  2:10  Drone, Hatchery  
  22  2:15  Metabolic Boost  
  22  2:25  Queen  
  24  2:30  Drone  
  24  2:33  Zergling x2  
  26  2:38  Zergling x2  
  27  2:46  Drone x2  
  27  2:48  Drone x2  
  31  2:59  Overlord, Drone x2  
  33  3:05  Queen  
  33  3:11  Overlord  
  35  3:17  Overlord  
  35  3:18  Drone  
  36  3:21  Drone  
  36  3:23  Drone  
  38  3:28  Drone  
  38  3:29  Drone  
  38  3:33  Queen  
  42  3:37  Drone  
  42  3:38  Drone  
  42  3:40  Drone  
  45  3:44  Spore Crawler  
  45  3:48  Spore Crawler  
  43  3:50  Drone x2  
  43  3:53  Drone  
  43  3:54  Drone  
  47  3:56  Drone  
  47  4:02  Drone x3  
  51  4:04  Drone  
  51  4:05  Drone  
  53  4:10  Queen  
  53  4:13  Overlord  
  53  4:15  Drone  
  56  4:18  Overlord  
  56  4:24  Queen  
  56  4:29  Overlord  
  58  4:33  Drone x2  
  58  4:36  Drone  
  58  4:37  Zergling x4  
  58  4:38  Drone x3  
  65  4:39  Drone  
  65  4:40  Drone  
  65  4:41  Drone  
  65  4:43  Drone  
  69  4:50  Drone x2  
  69  4:51  Lair  
  69  4:52  Drone x3  
  74  4:57  Drone  
  75  5:02  Overlord, Extractor  
  75  5:04  Overlord  
  73  5:08  Overlord  
  73  5:10  Overlord  
  73  5:14  Extractor, Drone  
  72  5:15  Extractor x3, Drone  
  72  5:16  Overlord  
  72  5:17  Drone x2  
  72  5:18  Evolution Chamber  
  72  5:19  Drone  
  72  5:21  Drone x3  
  74  5:22  Drone  
  74  5:27  Roach Warren  
  74  5:28  Drone x2  
  78  5:31  Drone x2  
  81  5:35  Zergling x2  
  81  5:37  Drone  
  81  5:41  Drone  
  83  5:45  Drone  
  83  5:47  Drone x2  
  86  5:55  Overlord  
  86  6:01  Overlord  
  86  6:03  Zerg Missile Weapons Level 1  
  85  6:05  Hatchery  
  88  6:11  Roach x7  
  88  6:13  Hydralisk Den  
  88  6:16  Glial Reconstitution  
  88  6:17  Drone  
  98  6:26  Roach x4  
  104  6:35  Drone x3  
  104  6:36  Drone x2  
  106  6:40  Drone x3  
  106  6:43  Grooved Spines  
  106  6:45  Drone  
  106  6:46  Drone  
  111  6:51  Overseer  
  111  6:53  Drone x2  
  113  6:56  Hydralisk x3  
  119  7:01  Hydralisk x2  
  119  7:05  Extractor, Spore Crawler  
  119  7:08  Hydralisk x2  
  121  7:11  Roach  
  121  7:12  Roach  
  126  7:16  Roach  
  126  7:17  Roach x4  
  126  7:21  Roach x2  
  136  7:26  Overlord  
  136  7:27  Overlord  
  136  7:29  Overlord  
  135  7:34  Overlord  
  135  7:36  Overlord  
  135  7:44  Hydralisk x2  
  135  7:45  Hydralisk x2  
  135  7:48  Roach x3  
  135  7:51  Hydralisk x3  
  141  7:54  Hydralisk, Muscular Augments  
  141  7:57  Hydralisk  
  149  8:00  Drone x3  
  149  8:01  Drone  
  149  8:02  Drone  
  149  8:04  Hydralisk  
  156  8:07  Roach  
  156  8:08  Roach  
  156  8:09  Roach  
  164  8:13  Roach x2  
  164  8:15  Roach  
  164  8:16  Pneumatized Carapace  
  164  8:19  Roach  
  170  8:23  Roach x2  
  170  8:24  Overlord  
  170  8:26  Overlord  
  174  8:31  Zerg Missile Weapons Level 2  
  174  8:34  Overlord  
  174  8:38  Overlord  
  174  8:43  Hydralisk x4  
  174  8:44  Hydralisk  
  182  8:50  Hydralisk x2  
  182  8:53  Hydralisk  
  185  8:57  Hydralisk  
  187  9:08  Hatchery  
  186  9:28  Hydralisk x4  
  194  9:36  Hydralisk x2  
  182  9:39  Hydralisk  
  182  10:00  Hatchery  
  127  10:15  Hydralisk x2  
  127  10:16  Hydralisk x6  
  127  10:19  Hydralisk  
  127  10:23  Hydralisk  
  127  10:28  Hydralisk x2  
  127  10:31  Hydralisk  
  127  10:33  Hydralisk  
  129  10:38  Hydralisk  
  129  10:40  Hydralisk  
  133  10:44  Hydralisk  
  133  10:49  Drone x2  
  135  10:55  Hydralisk x2  
  137  11:02  Hydralisk x2  
  137  11:04  Roach  
  141  11:05  Roach  
  141  11:08  Zergling x12  
  147  11:13  Roach  
  147  11:14  Roach  
  147  11:18  Zerg Ground Armor Level 1  
  151  11:22  Hydralisk x2  
  151  11:24  Overlord  
  155  11:27  Hydralisk  
  155  11:30  Hydralisk  
  155  11:32  Overlord  
  159  11:35  Overlord  
  159  11:42  Hydralisk  
  116  12:02  Hydralisk x7  
  116  12:04  Hydralisk x2  
  116  12:05  Hydralisk x2  
  116  12:07  Hydralisk x3  
  128  12:10  Drone x2  
  130  12:16  Hydralisk x2  
  130  12:18  Hydralisk  
  130  12:21  Hydralisk  
  138  12:32  Infestation Pit  
  138  12:34  Extractor, Hydralisk x3  
  138  12:35  Drone  
  143  12:40  Drone x3  
  143  12:42  Hydralisk x3  
  152  12:51  Hatchery  
  152  12:52  Hydralisk x2  
  155  13:05  Hydralisk x3  
  155  13:06  Hydralisk  

Tags
 
Add a new tag
Caveats
  • Supply blocks, unpowered buildings, or Contaminate may cause inaccurate times.
  • Supply counts are checked every 10 seconds.